 Dungeon Crawl Stone Soup version 0.30.1-11-g7821555f0a (webtiles) character file.

Game seed: 5093765166312032486

42 boopmooplesden the Covered (level 3, 0/33 HPs)
             Began as an Armataur Fighter on Dec 6, 2023.
             Killed from afar by a hobgoblin (6 damage)
             ... with a bolt of dispelling energy
             ... on level 2 of the Dungeon.
             The game lasted 00:01:12 (1089 turns).

boopmooplesden the Covered (Armataur Fighter)       Turns: 1089, Time: 00:01:13

Health: 0/33       AC:  7    Str: 21    XL:     3   Next: 33%
Magic:  3/3        EV:  7    Int:  8    God:
Gold:   93         SH:  4    Dex: 11    Spells: 2/2 levels left

rFire   . . .        a - +0 long sword
rCold   . . .        c - +0 buckler
rNeg    . . .        b - +0 scale mail
rPois   .            (no helmet)
rElec   .            (no cloak)
rCorr   .            (no gloves)
SInv    .            (no barding)
Will    .....        (no amulet) Stlth
                     (no ring)
HPRegen 0.25/turn    (no ring)
MPRegen 0.08/turn

%: roll
@: no status effects
A: large, rugged brown scales 3, deformed body, armoured tail, roll, long
tongue, awkward tongue
a: no special abilities


You were on level 2 of the Dungeon.
You visited 1 branch of the dungeon, and saw 2 of its levels.

You collected 93 gold pieces.

Inventory:

Hand Weapons
 a - a +0 long sword (weapon)
Armour
 b - a +0 scale mail (worn)
 c - a +0 buckler (worn)
 h - a +0 chain mail
Scrolls
 f - a scroll of fog {unknown}
 j - a scroll of magic mapping {unknown}
Potions
 d - a potion of might
 e - a potion of ambrosia {unknown}
 g - a potion of resistance {unknown}
 i - a potion of brilliance {unknown}
 k - 2 potions of degeneration {unknown}


   Skills:
 + Level 3.0 Fighting
 + Level 2.3 Long Blades
 + Level 4.3 Armour
 + Level 0.1 Stealth
 + Level 3.5 Shields


You had 2 spell levels left.
You didn't know any spells.
Your spell library contained the following spells:

 Spells                   Type           Power      Damage    Failure   Level
 Magic Dart               Conj           0%         1d3       80%         1
 Searing Ray              Conj           0%         2d4       91%         2
 Fulminant Prism          Conj/Hex       0%         3d5       100%        4


Dungeon Overview and Level Annotations

Branches:
Dungeon (2/15)

Altars:


Innate Abilities, Weirdness & Mutations

You are completely covered in rugged brown scales. (AC +3, +7% HP)
Armour fits poorly on your strangely shaped body.
You have a long armoured tail.
You roll when moving toward enemies. (Rampage)
Your long tongue fully drains potion bottles. (2x potion effects)
Your tongue gives you trouble enunciating. (1.5x scroll delay)


Message History

The adder is moderately wounded.
You feel sick. The adder barely misses you.
The adder bites you but does no damage.
You feel sick.
The adder bites you but does no damage. x2
The adder attacks as you move away! The adder bites you.
You are more poisoned.
The adder poisons you!
You feel sick.
You feel sick.
You feel sick.
You slash the adder!
The adder is almost dead.
You feel sick. The adder bites you but does no damage. The adder bites you.
You barely miss the adder.
The adder is almost dead.
You feel sick. The adder closely misses you. The adder bites you.
You are more poisoned.
The adder poisons you!
You closely miss the adder.
The adder is almost dead.
You feel sick. The adder closely misses you.
You hit the adder.
The adder is almost dead.
You feel sick. The adder bites you but does no damage.
The adder closely misses you.
You closely miss the adder.
The adder is almost dead.
You feel sick. The adder bites you.
* * * LOW HITPOINT WARNING * * *
The adder bites you but does no damage.
You closely miss the adder.
The adder is almost dead.
You feel sick. The adder bites you but does no damage.
The adder barely misses you.
You slash the adder!
You kill the adder!
You feel sick.
You are no longer poisoned.
You closely miss the hobgoblin.
The hobgoblin zaps a wand.
The bolt of dispelling energy hits you.
You die...

.#########.##.#
#.#...## #.##.#
#......## #.....
.......## ####.#
.......# #.# ......#
#.# ...#.# #.#
#.########.##.# #.#
#.....@g...##.#######.#
##########............#
####.######### #.# #
#.# # #.# # #.#########
#.......... #..########


You could see a hobgoblin.

Vanquished Creatures
  2 adders (D:2)
  3 goblins
  4 hobgoblins
  2 kobolds (D:1)
  3 ball pythons
  5 bats (D:1)
  A frilled lizard (D:2)
  3 rats
23 creatures vanquished.

Notes
Turn   | Place    | Note
-------+----------+-------------------------------------------
     0 | D:1      | boopmooplesden the Armataur Fighter began the quest for the
                  | Orb.
     0 | D:1      | Reached XP level 1. HP: 19/19 MP: 1/1
   203 | D:1      | Reached XP level 2. HP: 26/26 MP: 2/2
   574 | D:1      | Reached skill level 4 in Armour
   816 | D:2      | Reached XP level 3. HP: 33/33 MP: 3/3
  1089 | D:2      | Killed from afar by a hobgoblin

Illustrated notes

Levels and vault maps discovered:
D:1:      beargit_arrival_greenhouse, layout_loops_cross
D:2:      layout_loops_ring

Skill      XL: |  1  2 |
---------------+-------+-----
Fighting       | 3 |  3.0
Armour         | 4 |  4.3
Long Blades    | 2 |  2.3
Stealth        | |  0.1
Shields        | |  3.5

Action                     || total
---------------------------++-------
  Melee: Long sword        ||    69
         Tailslap          ||     7
    Use: Scroll            ||     4
 Armour: Scale mail        ||    46
  Dodge: Dodged            ||    23
  Block: Buckler           ||    23
